 Dungeon Sprint DCSS version 0.26-a0-163-g6c8a0bf695 (webtiles) character file.

Game seed: 1654975238840440266

21 Freyura the Twirler (level 2, -11/24 HPs)
             Began as a Demonspawn Gladiator on July 3, 2020.
             Was an Initiate of Ru.
             Mangled by an orc warrior
             ... wielding a +0 halberd
              (18 damage)
             ... in the Dungeon (Sprint IX: "|||||||||||||||||||||||||||||").
             The game lasted 00:02:23 (284 turns).

Freyura the Twirler (Demonspawn Gladiator)           Turns: 284, Time: 00:02:23

Health: -11/24     AC:  8    Str: 17    XL:     2   Next: 65%
Magic:  2/2        EV: 13    Int:  9    God:    Ru [......]
Gold:   0          SH:  0    Dex: 14    Spells: 1/1 levels left

rFire    . . .     SeeInvis .   p - +0 lajatang
rCold    . . .     Faith    .   (shield currently unavailable)
rNeg     . . .     Spirit   .   b - +0 leather armour
rPois    .         Reflect  .   c - +0 helmet
rElec    .         Harm     .   o - +0 cloak
rCorr    .         NoTele   +   (no gloves)
MR       .....                  q - +0 pair of boots
Stlth    +.........             (no amulet)
HPRegen  0.08/turn              r - +2 ring of protection
MPRegen  0.08/turn              s - +3 ring of strength

@: mighty
A: powered by pain 1
a: Renounce Religion


You were in the Dungeon.
You worshipped Ru.
Ru was noncommittal.
You were not hungry.

You visited 1 branch

Inventory:

Hand Weapons
 a - a +0 quarterstaff
 p - a +0 lajatang (weapon)
Missiles
 d - 3 throwing nets (quivered)
Armour
 b - a +0 leather armour (worn)
 c - a +0 helmet (worn)
 o - a +0 cloak (worn)
 q - a +0 pair of boots (worn)
Jewellery
 r - a +2 ring of protection (left hand)
 s - a +3 ring of strength (right hand)
Wands
 n - a wand of acid (10)
Scrolls
 k - 2 scrolls of blinking
 l - 3 scrolls of remove curse
 m - 2 scrolls of amnesia
Potions
 e - 5 potions of curing
 h - a potion of haste
 i - 4 potions of magic
 j - a potion of invisibility
Comestibles
 f - a ration


   Skills:
 * Level 3.6 Fighting
 * Level 3.9 Staves
 - Level 1.7 Throwing
 + Level 1.7 Armour
 + Level 3.3 Dodging


You had one spell level left.
You didn't know any spells.
Your spell library was empty.

Dungeon Overview and Level Annotations

Branches:
Dungeon (1/1)

Altars:
Cheibriados
Dithmenos
Elyvilon
Fedhas
Gozag
Hepliaklqana
Kikubaaqudgha
Makhleb
Nemelex Xobeh
Okawaru
Qazlal
Ru
Sif Muna
Trog
Uskayaw
Vehumet
Wu Jian
Xom
Yredelemnul
Zin
The Shining One
Beogh
Jiyva
Lugonu


Innate Abilities, Weirdness & Mutations

You sometimes gain a little power by taking damage.


Message History

The phantom hits you but does no damage.
You slash the phantom!
The phantom is heavily damaged.
The orc warrior hits you from afar with a +0 halberd!
Ouch! That really hurt!
* * * LOW HITPOINT WARNING * * *
The big kobold hits you but does no damage.
The phantom hits you but does no damage.
You feel much better. The orc warrior closely misses you.
The big kobold hits you but does no damage.
The phantom blinks!
You closely miss the big kobold.
The orc warrior hits you from afar with a +0 halberd!
Ouch! That really hurt!
* * * LOW HITPOINT WARNING * * *
The big kobold hits you but does no damage.
You closely miss the big kobold.
The orc warrior hits you from afar with a +0 halberd!!
Ouch! That really hurt!
You die... ▓▓▓▓▓▓▓▓▓▓▓▓▓▓▓▓▓▓▓▓▓▓▓▓ ______'..|)..[W§@KoWF..+ ▓▓▓▓▓▓▓▓▓▓▓▓▓▓▓▓▓▓▓▓▓▓▓▓

You could see a phantom, a hungry ghost, an orc warrior, a big kobold and a bullfrog.

Vanquished Creatures
  An adder (D)
  A leopard gecko (D)
  An orc (D)
  A giant cockroach (D)
  A goblin (D)
  A jackal (D)
  2 kobolds (D)
  A ball python skeleton (D)
  A bat (D)
  A quokka zombie (D)
11 creatures vanquished.

Notes
Turn   | Place    | Note
-------+----------+-------------------------------------------
     0 | D        | Freyura the Demonspawn Gladiator began the quest for the
                  | Orb.
     0 | D        | Reached XP level 1. HP: 16/16 MP: 1/1
    18 | D        | Reached skill level 1 in Armour
   193 | D        | Gained mutation: You sometimes gain a little power by
                  | taking damage. [demonic ancestry]
   193 | D        | Reached XP level 2. HP: 24/24 MP: 2/2
   209 | D        | Found a roughly hewn altar of Beogh.
   209 | D        | Found a snail-covered altar of Cheibriados.
   209 | D        | Found a shadowy altar of Dithmenos.
   209 | D        | Found a white marble altar of Elyvilon.
   209 | D        | Found a blossoming altar of Fedhas.
   209 | D        | Found an opulent altar of Gozag.
   210 | D        | Found a hazy altar of Hepliaklqana.
   211 | D        | Found a viscous altar of Jiyva.
   212 | D        | Found an ancient bone altar of Kikubaaqudgha.
   213 | D        | Found a corrupted altar of Lugonu.
   214 | D        | Found a burning altar of Makhleb.
   215 | D        | Found a sparkling altar of Nemelex Xobeh.
   216 | D        | Found an iron altar of Okawaru.
   217 | D        | Found a stormy altar of Qazlal.
   218 | D        | Found a sacrificial altar of Ru.
   219 | D        | Found a shimmering blue altar of Sif Muna.
   220 | D        | Found a bloodstained altar of Trog.
   221 | D        | Found a hide-covered altar of Uskayaw.
   222 | D        | Found a radiant altar of Vehumet.
   223 | D        | Found an ornate altar of the Wu Jian Council.
   224 | D        | Found a shimmering altar of Xom.
   225 | D        | Found a basalt altar of Yredelemnul.
   226 | D        | Became a worshipper of Ru the Awakened
   227 | D        | Found a glowing silver altar of Zin.
   228 | D        | Found a glowing golden altar of the Shining One.
   272 | D        | Noticed a big kobold
   272 | D        | Noticed an orc warrior
   272 | D        | Noticed a hungry ghost
   272 | D        | Noticed a phantom
   272 | D        | Noticed a bullfrog
   281 | D        | HP: 1/24 [orc warrior/+0 halberd (17)]
   284 | D        | Mangled by an orc warrior

Illustrated notes

Levels and vault maps discovered:
D:        linesprint [early_d, line_temple, items_1, d_10, items_2, lair_1,
          lair_end, items_3, orc_1, orc_end, items_4, d_15, swamp_1, shoals_1,
          snake_1, spider_1, d_20, vaults_1, items_5, swamp_end, shoals_end,
          snake_end, spider_end, vaults_end, d_27, items_6, zot_1, zot_end,
          crypt_end, forest_end, elf_end, slime_end, tomb_end, abyss_end,
          pan_hell_end]

Skill      XL: |  1 |
---------------+----+-----
Staves         | 3 |  3.9
Armour         | 1 |  1.7
Dodging        | 3 |  3.3
Fighting       | 3 |  3.6
Throwing       | |  1.7

Action                   || total
-------------------------++-------
Melee: Quarterstaff      ||    27
       Lajatang          ||     8
  Use: Potion            ||     4
Armor: Leather armour    ||    23
Dodge: Dodged            ||    22

Table legend:
 A = Non-vault XP
 B = Vault XP
 C = Vault XP percentage of total XP
 D = Non-vault monster count
 E = Vault monster count
 F = Vault count percentage of total count
                 A         B        C        D         E       F
            +---------+---------+-------+---------+---------+-------
      Total |       0 |      31 | 100.0 |       0 |      11 | 100.0
            +---------+---------+-------+---------+---------+-------
          D |       0 |      31 | 100.0 |       0 |      11 | 100.0
            +---------+---------+-------+---------+---------+-------
